[Event "LJ Slovak Open 2022"]
[Site "Liptovsky Jan"]
[Date "2022.06.26"]
[Round "7.40"]
[White "Kaminsky, Ladislav"]
[Black "Livnansky, Michal"]
[Result "1/2-1/2"]
[ECO "D02"]
[WhiteElo "1615"]
[BlackElo "1279"]
[Annotator "NA RC"]
[PlyCount "76"]
[EventDate "2022.06.23"]
[EventType "swiss"]
[EventCountry "SVK"]
[SourceTitle "playchess.com"]
[Source "ChessBase"]
[SourceQuality "1"]
[TimeControl "3600+30"]

1. Nf3 Nf6 2. d4 e6 3. Bf4 c5 4. e3 d5 5. c3 b6 6. Bd3 Bd6 7. Bg3 O-O 8. Nbd2 Ba6 9. Bxa6 Nxa6 10. Ne5 Qc7 11. O-O c4 12. f4 b5 13. a3 Nb8 14. Bh4 Be7 15. Rf3 Nbd7 16. Rh3 g6 17. Qf3 Rfb8 18. Bg5 Bf8 19. Qg3 h5 20. Qh4 Bg7 21. g4 Nxe5 22. Bxf6 Bxf6 23. Qxf6 Nxg4 24. Qg5 Kh7 25. Rg3 Qd8 26. h3 f6 27. Qh4 Nh6 28. Rg2 Nf5 29. Qf2 a5 30. Kh2 Qd6 31. e4 dxe4 32. Nxe4 Qe7 33. Rag1 Rg8 34. Qe2 Nd6 35. Nc5 Rae8 36. Re1 e5 37. fxe5 fxe5 38. dxe5 Nf7 1/2-1/2

[Event "LJ Slovak Open 2022"]
[Site "Liptovsky Jan"]
[Date "2022.06.26"]
[Round "7.41"]
[White "Kolibik, Jan"]
[Black "Haasova, Nina"]
[Result "1-0"]
[ECO "A22"]
[WhiteElo "1621"]
[BlackElo "1216"]
[Annotator "NA RC"]
[PlyCount "60"]
[EventDate "2022.06.23"]
[EventType "swiss"]
[EventCountry "SVK"]
[SourceTitle "playchess.com"]
[Source "ChessBase"]
[SourceQuality "1"]
[TimeControl "3600+30"]

1. c4 e5 2. g3 Nf6 3. Bg2 c6 4. Nf3 d6 5. Nc3 g6 6. d3 Bg7 7. Bd2 O-O 8. Qc1 Bg4 9. h3 Bxf3 10. Bxf3 Nbd7 11. Bh6 Nb6 12. Bxg7 Kxg7 13. O-O d5 14. b3 dxc4 15. dxc4 Re8 16. Qc2 Qe7 17. e3 e4 18. Be2 Rad8 19. Rad1 Nbd7 20. Kg2 Nc5 21. Rxd8 Rxd8 22. Rd1 Rxd1 23. Qxd1 a6 24. b4 Ncd7 25. c5 b5 26. Qd4 h6 27. Bg4 Nf8 28. Bd1 Ne6 29. Qe5 Kf8 30. Nxe4 Nxe4 1-0

[Event "LJ Slovak Open 2022"]
[Site "Liptovsky Jan"]
[Date "2022.06.26"]
[Round "7.42"]
[White "Carnecka, Stella"]
[Black "Kovacik, Oliver"]
[Result "1-0"]
[ECO "B00"]
[WhiteElo "1648"]
[BlackElo "1331"]
[Annotator "NA RC"]
[PlyCount "25"]
[EventDate "2022.06.23"]
[EventType "swiss"]
[EventCountry "SVK"]
[SourceTitle "playchess.com"]
[Source "ChessBase"]
[SourceQuality "1"]
[TimeControl "3600+30"]

1. e4 b6 2. d4 Bb7 3. Nc3 d5 4. e5 e6 5. f4 c5 6. Nf3 Nd7 7. Be3 Rc8 8. Be2 cxd4 9. Nxd4 Bc5 10. O-O a6 11. f5 Nh6 12. Kh1 O-O 13. h3 1-0

[Event "LJ Slovak Open 2022"]
[Site "Liptovsky Jan"]
[Date "2022.06.26"]
[Round "7.43"]
[White "Dicer, Juraj"]
[Black "Muller, Tomas"]
[Result "1-0"]
[ECO "A57"]
[WhiteElo "1562"]
[BlackElo "1240"]
[Annotator "NA RC"]
[PlyCount "133"]
[EventDate "2022.06.23"]
[EventType "swiss"]
[EventCountry "SVK"]
[SourceTitle "playchess.com"]
[Source "ChessBase"]
[SourceQuality "1"]
[TimeControl "3600+30"]

1. d4 Nf6 2. c4 c5 3. d5 b5 4. e3 bxc4 5. Bxc4 g6 6. Nc3 Bg7 7. Nf3 d6 8. O-O O-O 9. Qc2 Ba6 10. Nb5 Qb6 11. a4 Qb7 12. Rd1 Nbd7 13. Nc7 Qxc7 14. Bxa6 Nb6 15. e4 Rab8 16. a5 Nbd7 17. Ra4 Ng4 18. Nd4 Rfe8 19. Nb5 Qd8 20. Nxa7 Ra8 21. Nc6 Qc7 22. Be2 Nge5 23. Nd4 Rxa5 24. Rxa5 Qxa5 25. Nb3 Qa4 26. f4 Rb8 27. Nd4 Rb4 28. b3 Qa5 29. Bd2 cxd4 30. fxe5 Nxe5 31. Bxb4 Qxb4 32. Qc8+ Bf8 33. Bc4 Qc3 34. Ba6 Qe3+ 35. Kh1 Ng4 36. Qxg4 Qxb3 37. Qf3 Qxf3 38. gxf3 Kg7 39. Rxd4 Kf6 40. f4 h5 41. Kg2 Bh6 42. Kf3 Bg7 43. h4 Bh6 44. Rd2 Bg7 45. Re2 Bh8 46. e5+ dxe5 47. fxe5+ Kg7 48. d6 exd6 49. exd6 Kf8 50. d7 Bf6 51. Re8+ Kg7 52. d8=Q Bxd8 53. Rxd8 f5 54. Kf4 Kf6 55. Rd6+ Kg7 56. Kg5 f4 57. Rxg6+ Kf7 58. Kxh5 f3 59. Kh6 f2 60. Bc4+ Ke7 61. Kg7 Ke8 62. h5 Ke7 63. h6 f1=Q 64. Bxf1 Ke8 65. h7 Kd7 66. h8=Q Kc7 67. Kh6 1-0

[Event "LJ Slovak Open 2022"]
[Site "Liptovsky Jan"]
[Date "2022.06.26"]
[Round "7.44"]
[White "Bilik, Matej"]
[Black "Pechociakova, Petra"]
[Result "1-0"]
[ECO "C50"]
[WhiteElo "1553"]
[BlackElo "1160"]
[Annotator "NA RC"]
[PlyCount "47"]
[EventDate "2022.06.23"]
[EventType "swiss"]
[EventCountry "SVK"]
[SourceTitle "playchess.com"]
[Source "ChessBase"]
[SourceQuality "1"]
[TimeControl "3600+30"]

1. e4 e5 2. Nf3 Nc6 3. Bc4 Nf6 4. d3 h6 5. O-O Bc5 6. a4 a5 7. Nc3 O-O 8. h3 d6 9. Be3 b6 10. Qd2 Nd4 11. Bxd4 Bxd4 12. Nxd4 exd4 13. Nb5 c6 14. Nxd4 c5 15. Nf3 d5 16. exd5 Nxd5 17. Rfe1 Qd6 18. Re5 Nc7 19. Rae1 Qg6 20. Kh2 Kh8 21. Qf4 f6 22. Nh4 Qh7 23. Qg3 g5 24. Re7 1-0

[Event "LJ Slovak Open 2022"]
[Site "Liptovsky Jan"]
[Date "2022.06.26"]
[Round "7.45"]
[White "Nedoba, Jakub"]
[Black "Lacko, Stanislav"]
[Result "0-1"]
[ECO "D03"]
[WhiteElo "1158"]
[BlackElo "1462"]
[Annotator "NA RC"]
[PlyCount "144"]
[EventDate "2022.06.23"]
[EventType "swiss"]
[EventCountry "SVK"]
[SourceTitle "playchess.com"]
[Source "ChessBase"]
[SourceQuality "1"]
[TimeControl "3600+30"]

1. d4 e6 2. Nf3 Nf6 3. Bg5 d5 4. e3 h6 5. Bh4 Nbd7 6. Nbd2 c5 7. c3 b6 8. Bd3 Bb7 9. Ne5 Be7 10. Ndf3 O-O 11. Nxd7 Nxd7 12. Bxe7 Qxe7 13. O-O Rac8 14. a4 e5 15. dxe5 Nxe5 16. Be2 Rfd8 17. Nxe5 Qxe5 18. Bf3 Rd7 19. Qb1 Rcd8 20. Bg4 Rd6 21. Bf3 Ba6 22. Re1 Qg5 23. Be2 Bc8 24. Qd1 Rg6 25. Bf3 Bh3 26. g3 Rf6 27. Qe2 Qf5 28. Bg2 Bg4 29. Qf1 Qc2 30. Rab1 Qxa4 31. Ra1 Qb3 32. Rxa7 Qxb2 33. f3 Qxc3 34. Qf2 Bxf3 35. Bxf3 Rxf3 36. Qxf3 Qxe1+ 37. Kg2 Rf8 38. Qxd5 Qxe3 39. Rb7 Qe2+ 40. Kh3 Qe6+ 41. Qxe6 fxe6 42. Rxb6 Rc8 43. Rxe6 c4 44. Re1 c3 45. Rc1 c2 46. Kg4 Kf7 47. Kf3 Kf6 48. Kf4 h5 49. h3 g5+ 50. Kf3 Ke5 51. Ke3 Rc3+ 52. Kf2 Kd4 53. g4 h4 54. Ke2 Kc4 55. Kd2 Kb3 56. Rh1 c1=Q+ 57. Rxc1 Rxc1 58. Kxc1 Kc3 59. Kd1 Kd3 60. Ke1 Ke3 61. Kf1 Kf3 62. Kg1 Kg3 63. Kh1 Kxh3 64. Kg1 Kxg4 65. Kg2 Kf4 66. Kh3 g4+ 67. Kg2 g3 68. Kh1 h3 69. Kg1 Kf3 70. Kh1 g2+ 71. Kg1 h2+ 72. Kxh2 Kf2 0-1

[Event "LJ Slovak Open 2022"]
[Site "Liptovsky Jan"]
[Date "2022.06.26"]
[Round "7.46"]
[White "Sotnik, Simon"]
[Black "Muller, Martin"]
[Result "0-1"]
[ECO "D00"]
[WhiteElo "1038"]
[BlackElo "1476"]
[Annotator "NA RC"]
[PlyCount "52"]
[EventDate "2022.06.23"]
[EventType "swiss"]
[EventCountry "SVK"]
[SourceTitle "playchess.com"]
[Source "ChessBase"]
[SourceQuality "1"]
[TimeControl "3600+30"]

1. d4 Nf6 2. Nc3 d5 3. Nf3 Nc6 4. Bg5 Bf5 5. e3 Nb4 6. Bd3 Nxd3+ 7. cxd3 h6 8. Bxf6 exf6 9. e4 dxe4 10. dxe4 Bg4 11. h3 Bh5 12. O-O Be7 13. Qd3 Bxf3 14. Qxf3 Qxd4 15. Rad1 Qe5 16. Rd5 Qe6 17. Rfd1 O-O 18. Qf5 a6 19. Na4 b6 20. Qxe6 fxe6 21. Rd7 Bd6 22. Rd3 Rf7 23. Rxf7 Kxf7 24. g3 Ke7 25. Kg2 Rd8 26. Rc3 b5 0-1

[Event "LJ Slovak Open 2022"]
[Site "Liptovsky Jan"]
[Date "2022.06.26"]
[Round "7.47"]
[White "Stefanides, Karol"]
[Black "Socha, Wiktor"]
[Result "1/2-1/2"]
[ECO "D05"]
[WhiteElo "1438"]
[BlackElo "1020"]
[Annotator "NA RC"]
[PlyCount "46"]
[EventDate "2022.06.23"]
[EventType "swiss"]
[EventCountry "SVK"]
[SourceTitle "playchess.com"]
[Source "ChessBase"]
[SourceQuality "1"]
[TimeControl "3600+30"]

1. d4 d5 2. Nf3 Nf6 3. e3 e6 4. Bd3 c5 5. c3 Bd6 6. O-O O-O 7. Re1 Re8 8. Nbd2 c4 9. Bf1 a6 10. e4 dxe4 11. Nxe4 Nxe4 12. Rxe4 b5 13. Re1 Bb7 14. g3 Nd7 15. Bg2 e5 16. dxe5 Nxe5 17. Nxe5 Bxg2 18. Kxg2 Bxe5 19. Be3 g6 20. a3 Bg7 21. Qf3 Qc7 22. Red1 h6 23. h4 Qe7 1/2-1/2

[Event "LJ Slovak Open 2022"]
[Site "Liptovsky Jan"]
[Date "2022.06.26"]
[Round "7.48"]
[White "Zelenka, Matej"]
[Black "Pavlov Jakub"]
[Result "1-0"]
[ECO "C46"]
[WhiteElo "1400"]
[BlackElo "1000"]
[Annotator "NA RC"]
[PlyCount "109"]
[EventDate "2022.06.23"]
[EventType "swiss"]
[EventCountry "SVK"]
[SourceTitle "playchess.com"]
[Source "ChessBase"]
[SourceQuality "1"]
[TimeControl "3600+30"]

1. e4 e5 2. Nf3 Nc6 3. Nc3 Bc5 4. Nxe5 Nxe5 5. d4 Bxd4 6. Qxd4 d6 7. Be3 Nf6 8. O-O-O a6 9. f4 Nc6 10. Qd2 Qe7 11. Nd5 Nxd5 12. exd5 Nd8 13. Bd3 O-O 14. Rhe1 Bg4 15. Be2 Bxe2 16. Rxe2 b5 17. Rde1 Qd7 18. Qc3 Nb7 19. g4 a5 20. Bd4 b4 21. Qc6 Qxc6 22. dxc6 Nd8 23. c3 Nxc6 24. Kc2 Rfb8 25. b3 Nxd4+ 26. cxd4 Kf8 27. Kd3 d5 28. Re7 Re8 29. Rxe8+ Rxe8 30. Rc1 Re4 31. Rxc7 Rxf4 32. Rc5 Rxg4 33. Rxd5 Rg2 34. Rxa5 Rxh2 35. d5 Ke7 36. Kd4 Rd2+ 37. Kc4 Rc2+ 38. Kxb4 Rc7 39. Ra6 Rd7 40. Kc5 h5 41. Ra4 g5 42. Re4+ Kf6 43. Kc6 Rd8 44. d6 h4 45. Kc7 Ra8 46. d7 h3 47. Re8 Ra7+ 48. Kc6 Rxd7 49. Kxd7 g4 50. Rh8 Kg5 51. b4 Kf4 52. b5 Kg3 53. b6 f5 54. b7 f4 55. b8=Q 1-0

[Event "LJ Slovak Open 2022"]
[Site "Liptovsky Jan"]
[Date "2022.06.26"]
[Round "7.49"]
[White "Prochazka Michal"]
[Black "Polackova, Eva"]
[Result "1/2-1/2"]
[ECO "B10"]
[WhiteElo "1110"]
[BlackElo "1253"]
[Annotator "NA RC"]
[PlyCount "47"]
[EventDate "2022.06.23"]
[EventType "swiss"]
[EventCountry "SVK"]
[SourceTitle "playchess.com"]
[Source "ChessBase"]
[SourceQuality "1"]
[TimeControl "3600+30"]

1. e4 c6 2. c4 d5 3. exd5 cxd5 4. cxd5 Nf6 5. Nc3 Nxd5 6. Nf3 Bg4 7. d3 e6 8. Be2 Bb4 9. Bd2 O-O 10. O-O Nc6 11. Nxd5 Bxd2 12. Qxd2 Qxd5 13. h3 Bh5 14. Rfc1 Rfd8 15. Rc3 Rac8 16. a3 Ne5 17. Rac1 Rxc3 18. Rxc3 Nxf3+ 19. Bxf3 Bxf3 20. gxf3 h6 21. Qe3 a6 22. Kg2 Rd7 23. Qe4 Qxe4 24. dxe4 1/2-1/2

[Event "LJ Slovak Open 2022"]
[Site "Liptovsky Jan"]
[Date "2022.06.26"]
[Round "7.50"]
[White "Carnecky, Michal"]
[Black "Veres Alex"]
[Result "1-0"]
[ECO "A28"]
[WhiteElo "1361"]
[BlackElo "1000"]
[Annotator "NA"]
[PlyCount "109"]
[EventDate "2022.06.23"]
[EventType "swiss"]
[EventCountry "SVK"]
[SourceTitle "playchess.com"]
[Source "ChessBase"]
[SourceQuality "1"]
[TimeControl "3600+30"]

1. c4 e5 2. Nc3 Nf6 3. a3 d5 4. cxd5 Nxd5 5. Nf3 Nc6 6. e4 Nxc3 7. bxc3 Bc5 8. Bb5 Bd7 9. d4 exd4 10. cxd4 Bb6 11. O-O O-O 12. d5 Ne7 13. Bxd7 Qxd7 14. a4 c6 15. d6 Nc8 16. a5 Bc5 17. e5 f6 18. Qc2 Bxd6 19. exd6 Nxd6 20. Rd1 Qe6 21. Rxd6 Qxd6 22. Ba3 Qe6 23. Bxf8 Rxf8 24. Qa2 Qxa2 25. Rxa2 Rd8 26. g3 Kf7 27. Rb2 Rd7 28. Nd2 h5 29. Ne4 g5 30. Nc5 Re7 31. Nxb7 h4 32. Kg2 Re4 33. Nd6+ Ke6 34. Nxe4 Kf5 35. Nd6+ Kg4 36. h3+ Kh5 37. g4+ Kg6 38. Rb7 c5 39. Rxa7 f5 40. gxf5+ Kh5 41. f6 g4 42. f7 g3 43. fxg3 hxg3 44. Kxg3 c4 45. Nxc4 Kg6 46. f8=R Kh6 47. Rb8 Kh5 48. Rb5+ Kg6 49. Rb6+ Kg5 50. h4+ Kh5 51. Rb5+ Kg6 52. Kg4 Kh6 53. Ra6+ Kg7 54. Rb7+ Kh8 55. Ra8# 1-0

[Event "LJ Slovak Open 2022"]
[Site "Liptovsky Jan"]
[Date "2022.06.26"]
[Round "7.51"]
[White "Ihnat, Marek"]
[Black "Livnansky, Tomas"]
[Result "1-0"]
[ECO "C02"]
[WhiteElo "2045"]
[BlackElo "1244"]
[Annotator "NA RC"]
[PlyCount "29"]
[EventDate "2022.06.23"]
[EventType "swiss"]
[EventCountry "SVK"]
[SourceTitle "playchess.com"]
[Source "ChessBase"]
[SourceQuality "1"]
[TimeControl "3600+30"]

1. e4 e6 2. d4 d5 3. e5 c5 4. c3 Nc6 5. Nf3 Qb6 6. a3 Nge7 7. b4 cxd4 8. cxd4 $11 Nf5 9. Bb2 Be7 10. g4 Nh6 11. h3 O-O 12. Be2 f6 13. exf6 Nf5 14. Rg1 h6 15. Rh1 1-0

[Event "LJ Slovak Open 2022"]
[Site "Liptovsky Jan"]
[Date "2022.06.26"]
[Round "7.52"]
[White "Bodnar, Frantisek"]
[Black "Stricova Julia Nela"]
[Result "1-0"]
[ECO "D02"]
[WhiteElo "1379"]
[BlackElo "1149"]
[Annotator "NA"]
[PlyCount "123"]
[EventDate "2022.06.23"]
[EventType "swiss"]
[EventCountry "SVK"]
[SourceTitle "playchess.com"]
[Source "ChessBase"]
[SourceQuality "1"]
[TimeControl "3600+30"]

1. d4 d5 2. Bf4 Nc6 3. e3 a6 4. Nf3 Nf6 5. h3 Bf5 6. c3 e6 7. Bd3 Bg6 8. Ne5 Nxe5 9. Bxe5 Bd6 10. Bxd6 Qxd6 11. O-O Bxd3 12. Qxd3 O-O 13. Nd2 h6 14. c4 c6 15. c5 Qc7 16. b4 b6 17. Rfb1 bxc5 18. bxc5 Rfb8 19. Rxb8+ Qxb8 20. Rb1 Qc7 21. Rb6 Qc8 22. a4 a5 23. Qb1 g6 24. Nf3 Nd7 25. Rb2 Rb8 26. Nd2 Rxb2 27. Qxb2 Qb8 28. Qxb8+ Nxb8 29. Nb3 f6 30. Nxa5 e5 31. Nb7 exd4 32. exd4 Kf7 33. a5 Ke6 34. f3 Kf5 35. Kf2 Na6 36. Nd8 Nb8 37. g3 g5 38. a6 Nxa6 39. Nxc6 Nc7 40. Nd8 h5 41. Ke3 g4 42. h4 Ne6 43. Nxe6 Kxe6 44. fxg4 hxg4 45. Kf4 f5 46. h5 Kf6 47. c6 Ke6 48. h6 Kd6 49. Kxf5 Kxc6 50. h7 Kb5 51. h8=Q Kc4 52. Ke5 Kd3 53. Qh5 Kc4 54. Qxg4 Kd3 55. Kxd5 Ke3 56. Qf4+ Kd3 57. Qf3+ Kc2 58. Kc4 Kd2 59. d5 Kc2 60. Qe2+ Kc1 61. Kc3 Kb1 62. Qb2# 1-0

[Event "LJ Slovak Open 2022"]
[Site "Liptovsky Jan"]
[Date "2022.06.26"]
[Round "7.53"]
[White "Magdova, Lucia"]
[Black "Magda, Juraj"]
[Result "1/2-1/2"]
[ECO "A00"]
[WhiteElo "1055"]
[BlackElo "1301"]
[Annotator "NA"]
[PlyCount "80"]
[EventDate "2022.06.23"]
[EventType "swiss"]
[EventCountry "SVK"]
[SourceTitle "playchess.com"]
[Source "ChessBase"]
[SourceQuality "1"]
[TimeControl "3600+30"]

1. h3 h6 2. h4 h5 3. g3 g6 4. g4 g5 5. f3 f6 6. f4 f5 7. e3 e6 8. e4 e5 9. d3 d6 10. d4 d5 11. c3 c6 12. c4 c5 13. b3 b6 14. b4 b5 15. a3 a6 16. a4 a5 17. Kf2 bxa4 18. bxa5 Ke7 19. Kg2 dxc4 20. gxh5 gxh4 21. fxe5 Be6 22. exf5 Bxf5 23. Bxc4 Nh6 24. Qxa4 Qxa5 25. Qxa5 Rxa5 26. Ra2 Rxa2+ 27. Bxa2 Be4+ 28. Nf3 Bxf3+ 29. Kxf3 Nc6 30. Bxh6 Bxh6 31. dxc5 Nxe5+ 32. Ke4 Kf6 33. Rxh4 Bf8 34. Kd5 Nf3 35. Rh3 Ng5 36. Rh2 Nf3 37. Rh3 Ng5 38. Rh2 Nf3 39. Rh3 Ng5 40. Rh2 Nf3 1/2-1/2

[Event "LJ Slovak Open 2022"]
[Site "Liptovsky Jan"]
[Date "2022.06.26"]
[Round "7.55"]
[White "Moravcik Alex"]
[Black "Szaszak, Matej"]
[Result "1-0"]
[ECO "B13"]
[WhiteElo "1000"]
[BlackElo "1235"]
[Annotator "NA RC"]
[PlyCount "89"]
[EventDate "2022.06.23"]
[EventType "swiss"]
[EventCountry "SVK"]
[SourceTitle "playchess.com"]
[Source "ChessBase"]
[SourceQuality "1"]
[TimeControl "3600+30"]

1. d4 d5 2. c4 e6 3. Nf3 c5 4. e3 cxd4 5. exd4 Nf6 6. Bg5 Be7 7. Bxf6 Bxf6 8. Be2 Qb6 9. Qd2 O-O 10. Nc3 Nc6 11. Rd1 Qc7 12. cxd5 exd5 13. Nxd5 Qd8 14. Nxf6+ Qxf6 15. O-O Be6 16. Bd3 Kh8 17. Qe3 Rfe8 18. Rde1 Bd7 19. Be4 Bf5 20. Qd3 Nb4 21. Qb1 Bxe4 22. Rxe4 Rxe4 23. Qxe4 Nxa2 24. Re1 h6 25. Qxb7 Qd8 26. Qb3 Qa5 27. Qxf7 Qa4 28. Ne5 Qb4 29. Kf1 Qb5+ 30. Kg1 Qb8 31. Qxa2 Qe8 32. Nf7+ Kh7 33. Rxe8 Rxe8 34. h3 Re1+ 35. Kh2 Rd1 36. Qxa7 Rd2 37. Qb7 Rxd4 38. b4 Rf4 39. b5 Rxf2 40. b6 Rb2 41. Qc7 Rxb6 42. Qxb6 Kg8 43. Nxh6+ gxh6 44. Qb7 h5 45. Kg3 1-0